cohdb
Replays
Latest Replays
All Replays
Popular Replays
Top Player Replays
Match Explorer
How It Works
Community
CoH3 Stats
Reddit
Sign in to upload your games and track your stats! →
Sign in with Steam
Match 41218015
Unlisted
Match 41218015
Overview
Messages
Build Orders
End
Construct Infanterie Kompanie
Kettenkrad Recon Vehicle
Sniper
Grenadier Squad
Grenadier Squad
Construct Panzergrenadier Kompanie
Support Elements
StuG III G Assault Gun
Medical Station
Selects Mechanized Battlegroup
Panzergrenadier Squad
Panzergrenadier Squad
Selects Raid Package
Selects 8 Rad Armored Car
Selects Raid Package
Selects StuG Assault Group
Selects UNKNOWN (2160084)
Construct Panzer Kompanie
RockWoo
[HAN]Diederick Kastner
Juggermarc
(◣✠◢) John1986 ✠
GetWrekked
marksmancaptain
BravoTwoZer0
Diogene
0
0
Comments
sign in to comment!
No comments posted yet!